 Dungeon Crawl Stone Soup version 0.22.1-1-ga44c0e5 (webtiles) character file.

88 seyes the Changer (level 4, -12/28 HPs)
             Began as an Octopode Transmuter on Nov 10, 2018.
             Killed by divine providence
             ... invoked by an orc priest
              (15 damage)
             ... on level 3 of the Dungeon.
             The game lasted 00:06:17 (1768 turns).

seyes the Changer (Octopode Transmuter)             Turns: 1768, Time: 00:06:18

Health: -12/28     AC:  1    Str:  9    XL:     4   Next: 54%
Magic:  7/7        EV: 19    Int: 16    God:
Gold:   211        SH:  0    Dex: 17    Spells: 0/7 levels left

rFire    . . .     SeeInvis .     - Unarmed
rCold    . . .     Gourm    .   (no shield)
rNeg     . . .     Faith    .   (helmet restricted)
rPois    .         Spirit   .   (no amulet)
rElec    .         Reflect  .   (no ring)
rCorr    .         Harm     .   (no ring)
MR       .....                  (no ring)
Stlth    ++++......             (no ring)
HPRegen  0.09/turn              (no ring)
MPRegen  0.10/turn              (no ring)
                                (no ring)
                                (no ring)

@: agile, appendage (expiring), flying
A: almost no armour, stealthy swim, amphibious, 8 rings, constrict 8, tentacle
spike 3, camouflage 1, gelatinous body 1
a: End Transformation


You were on level 3 of the Dungeon.
You were not hungry.
One of your tentacles had a temporary spike.
You visited 1 branch of the dungeon, and saw 3 of its levels.

You collected 211 gold pieces.

Inventory:

Missiles
 a - 12 arrows
 b - 134 stones (quivered)
Jewellery
 r - an uncursed ring of poison resistance {unknown}
Wands
 j - a wand of acid (11)
Scrolls
 d - a scroll of fear
 e - a scroll of random uselessness {unknown}
 f - 2 scrolls of identify {unknown}
 m - a scroll of teleportation {unknown}
 q - a scroll of remove curse {unknown}
Potions
 h - a potion of flight
 i - a potion of heal wounds {unknown}
 k - a potion of magic {unknown}
 l - a potion of invisibility {unknown}
 n - a potion of berserk rage {unknown}
 p - a potion of curing {unknown}
Comestibles
 c - 5 rations
 o - 3 chunks of flesh


   Skills:
 - Level 1.0 Fighting
 - Level 2.0 Dodging
 - Level 3.0 Unarmed Combat
 + Level 2.2 Spellcasting
 + Level 4.3 Transmutations
 + Level 0.7 Ice Magic


You couldn't memorise any spells.
You knew the following spells:

 Your Spells              Type           Power        Failure   Level  Hunger
a - Beastly Appendage     Tmut           ###...       3%          1    #......
i - Ice Form              Ice/Tmut       #.......     56%         4    #####..
t - Sticks to Snakes      Tmut           ###.....     5%          2    ###....

Your spell library contained the following spells:

 Spells                   Type           Power        Failure   Level  Hunger
 Spider Form              Tmut/Pois      #.........   26%         3    ###....
 Blade Hands              Tmut           ###.......   67%         5    ######.


Dungeon Overview and Level Annotations

Branches:
Dungeon (3/15)

Altars:
Dithmenos
Fedhas
The Shining One

Annotations:
D:3 Robin


Innate Abilities, Weirdness & Mutations

You cannot wear most types of armour.
You are very stealthy in the water. (Stealth+)
You are amphibious.
You can wear up to eight rings at the same time.
You can use your tentacles to constrict eight enemies at once.
Your skin changes colour to match your surroundings (Stealth+).
Your rubbery body absorbs attacks. (AC +1, EV +1)
One of your tentacles bears a large vicious spike.


Message History

The goblin hits you with a dagger.
The scorpion misses you. 2 goblins come into view.
A goblin comes into view. It is wielding a dagger.
The goblin hits you with a dagger!
* * * LOW HITPOINT WARNING * * *
As you read the scroll labeled GOXAPU MEDWEW, it crumbles to dust.
You assume a fearsome visage.
The goblin looks frightened! x3
It was a scroll of fear.
Okay, then.
Unknown command.
It was a potion of flight.
You feel very buoyant.
You fly up into the air.
Your transformation is almost over.
It was a potion of agility.
You feel agile all of a sudden.
The orc priest invokes the aid of Beogh against you.
Beogh smites you!
Ouch! That really hurt!
You die...

#..######
#.....(.####
##.#o......#
#.#)##.##.#
######.#o##.#
#.........g.##gg


.####oosgK.ggg. ###g#####g# #.g@....# ######### You could see an orc priest, an
orc and 3 goblins.

Vanquished Creatures
  3 adders (D:2)
  5 oozes (D:1)
  A worm (D:2)
  A leopard gecko (D:2)
  2 giant cockroaches (D:2)
  3 goblins
  6 hobgoblins
  A quokka (D:2)
  2 bats (D:1)
  5 frilled lizards
  6 kobolds
  6 rats
41 creatures vanquished.

Notes
Turn   | Place    | Note
-------+----------+-------------------------------------------
     0 | D:1      | seyes the Octopode Transmuter began the quest for the Orb.
     0 | D:1      | Reached XP level 1. HP: 13/13 MP: 3/3
   162 | D:1      | Reached XP level 2. HP: 18/18 MP: 3/5
   164 | D:1      | Reached skill level 3 in Transmutations
   459 | D:1      | Reached XP level 3. HP: 23/23 MP: 6/6
   466 | D:1      | Learned a level 2 spell: Sticks to Snakes
  1152 | D:2      | Found a glowing golden altar of the Shining One.
  1285 | D:2      | Reached skill level 4 in Transmutations
  1297 | D:2      | Found a blossoming altar of Fedhas.
  1302 | D:2      | Found a shadowy altar of Dithmenos.
  1371 | D:2      | Reached XP level 4. HP: 26/28 MP: 7/7
  1386 | D:2      | Learned a level 4 spell: Ice Form
  1759 | D:3      | Noticed Robin
  1768 | D:3      | Killed from afar by an orc priest

Skill      XL: |  1  2  3 |
---------------+----------+-----
Transmutations | 3 4 |  4.3
Fighting       | |  1.0
Dodging        | |  2.0
Unarmed Combat | |  3.0
Spellcasting   | |  2.2
Ice Magic      | |  0.7

Action                   |  1- 3 |  4- 6 || total
-------------------------+-------+-------++-------
Melee: Unarmed           |    81 |    24 ||   105
       Constrict         |    15 |     4 ||    19
       Kick              |    12 |     8 ||    20
       Tentacles         |     9 |     3 ||    12
Throw: Stone             |     5 |     2 ||     7
 Cast: Beastly Appendage |    10 |     4 ||    14
  Use: Potion            |       |     2 ||     2
       Scroll            |       |     1 ||     1
 Stab: Sleeping          |     2 |     1 ||     3
  Eat: Chunk             |     2 |     1 ||     3
Armor: Skin              |     7 |       ||     7
Dodge: Dodged            |    33 |    11 ||    44
